 Dungeon Crawl Stone Soup version 0.30-a0-800-g7c544603b3 (webtiles) character file.

Game seed: 15087068098604979524

3488 jimonade the Cleaver (level 10, -2/84 HPs)
             Began as a Hill Orc Fighter on Feb 21, 2023.
             Slain by a boulder beetle (17 damage)
             ... on level 8 of the Dungeon.
             The game lasted 00:15:10 (8252 turns).

jimonade the Cleaver (Hill Orc Fighter)             Turns: 8252, Time: 00:15:11

Health: -2/84      AC: 16    Str: 19    XL:     10   Next: 7%
Magic:  19/19      EV:  5    Int: 16    God:
Gold:   474        SH:  9    Dex: 14    Spells: 9/9 levels left

rFire   . . .      SeeInvis .    a - +0 war axe
rCold   . . .      Faith    +    K - +0 kite shield
rNeg    . . .      Spirit   .    n - +0 plate armour
rPois   .          Reflect  .    o - +2 hat
rElec   .          Harm     .    (no cloak)
rCorr   .          Rampage  .    D - +0 pair of gloves
Will    .....                    (no boots) Stlth
                                 J - amulet of Liberty {Faith Regen+ Str-3 Dex+4}
HPRegen 1.14/turn                m - +6 ring of intelligence
MPRegen 0.16/turn                p - ring of magical power

@: no status effects
A: no striking features
a: no special abilities


You were on level 8 of the Dungeon.
You visited 2 branches of the dungeon, and saw 9 of its levels.

You collected 474 gold pieces.

Inventory:

Hand Weapons
 a - a +0 war axe (weapon)
 L - a +4 spear of freezing
 M - a +2 heavy halberd
 Q - a +2 heavy flail
Missiles
 v - 6 poisoned darts (quivered)
 w - 2 boomerangs
 N - a throwing net
 U - a curare-tipped dart
Armour
 c - a +0 buckler
 l - a +2 robe of fire resistance
 n - a +0 plate armour (worn)
 o - a +2 hat (worn)
 z - a +0 chain mail
 C - a +0 helmet
 D - a +0 pair of gloves (worn)
 K - a +0 kite shield (worn)
 V - a +0 leather armour of poison resistance
Magical Staves
 x - a staff of death
Jewellery
 m - a +6 ring of intelligence (left hand)
 p - a ring of magical power (right hand)
 J - the amulet of Liberty (around neck) {Faith Regen+ Str-3 Dex+4}
   (You found it on level 6 of the Dungeon)

   [amulet of faith]

   It allows you to gain divine favour quickly.
   Str:       It affects your strength (-3).
   Dex:       It affects your dexterity (+4).
   Regen:     It increases your rate of health regeneration.
Scrolls
 g - a scroll of enchant weapon {unknown}
 j - 2 scrolls of silence {unknown}
 k - 4 scrolls of identify {unknown}
 r - a scroll of noise {unknown}
 s - 3 scrolls of teleportation {unknown}
 t - 2 scrolls of vulnerability {unknown}
 y - 2 scrolls of blinking {unknown}
 B - a scroll of fear {unknown}
 E - a scroll of acquirement {unknown}
 F - 2 scrolls of amnesia {unknown}
 G - a scroll of butterflies {unknown}
 H - a scroll of fog {unknown}
 S - a scroll of magic mapping {unknown}
 T - a scroll of torment {unknown}
Potions
 d - 4 potions of might
 e - 2 potions of magic {unknown}
 f - a potion of attraction {unknown}
 h - 4 potions of curing {unknown}
 i - a potion of cancellation {unknown}
 q - a potion of invisibility {unknown}
 u - 2 potions of flight {unknown}
 A - 3 potions of haste {unknown}
 I - a potion of brilliance {unknown}
 O - 3 potions of resistance {unknown}
 P - a potion of lignification {unknown}
 R - a potion of heal wounds {unknown}


   Skills:
 + Level 6.9 Fighting
 * Level 14.0 Axes
 + Level 7.3 Armour
 + Level 1.2 Dodging
 + Level 1.0 Stealth
 + Level 5.6 Shields


You had 9 spell levels left.
You didn't know any spells.
Your spell library contained the following spells:

 Spells                   Type           Power      Damage    Failure   Level
 Magic Dart               Conj           0%         1d3       100%        1
 Call Imp                 Summ           0%         N/A       100%        2
 Ensorcelled Hibernation  Hex/Ice        0%         N/A       100%        2
 Lesser Beckoning         Tloc           0%         N/A       100%        2
 Passwall                 Tmut/Erth      0%         N/A       100%        2
 Searing Ray              Conj           0%         2d4       100%        2
 Dazzling Flash           Conj/Hex       0%         N/A       100%        3
 Gell's Gravitas          Tloc           0%         N/A       100%        3
 Mephitic Cloud           Conj/Pois/Air  0%         N/A       100%        3
 Ozocubu's Armour         Ice            0%         N/A       100%        3
 Swiftness                Air            0%         N/A       100%        3
 Teleport Other           Tloc           0%         N/A       100%        3
 Anguish                  Hex/Necr       0%         N/A       100%        4
 Fulminant Prism          Conj/Hex       0%         3d5       100%        4
 Iskenderun's Mystic Bla  Conj/Tloc      0%         2d3       100%        4
 Agony                    Necr           0%         N/A       100%        5
 Metabolic Englaciation   Hex/Ice        0%         N/A       100%        5
 Silence                  Hex/Air        0%         N/A       100%        5
 Simulacrum               Ice/Necr       0%         N/A       100%        6
 Starburst                Conj/Fire      0%         6d3       100%        6
 Enfeeble                 Hex            0%         N/A       100%        7


Dungeon Overview and Level Annotations

Branches:
Dungeon (8/15)             Temple (1/1) D:7
   Lair: D:8-11

Altars:
Ashenzari
Cheibriados
Dithmenos
Elyvilon
Fedhas
Gozag
Hepliaklqana
Kikubaaqudgha
Makhleb
Nemelex Xobeh
Okawaru
Qazlal
Ru
Sif Muna
Trog
Uskayaw
Vehumet
Wu Jian
Xom
Zin
The Shining One

Shops:
D:1 *

Annotations:
D:3 exclusion: door
D:6 exclusion: downstairs


Message History

You block the boulder beetle's attack.
The boulder beetle stops rolling and uncurls.
The boulder beetle curls into a ball and begins rolling!
You see here a +0 dagger.
The boulder beetle hits you.
The boulder beetle stops rolling and uncurls.
You hit the boulder beetle but do no damage.
The boulder beetle is heavily wounded.
The boulder beetle bites you.
You hit the boulder beetle.
The boulder beetle is heavily wounded.
The boulder beetle closely misses you.
You hit the boulder beetle but do no damage.
The boulder beetle is heavily wounded.
The boulder beetle bites you but does no damage.
You hit the boulder beetle but do no damage.
The boulder beetle is heavily wounded.
The boulder beetle waves its antennae.
The boulder beetle bites you.
You hit the boulder beetle but do no damage.
The boulder beetle is heavily wounded.
The boulder beetle bites you!
You slash the boulder beetle!
The boulder beetle is severely wounded.
The boulder beetle bites you but does no damage.
You hit the boulder beetle but do no damage.
The boulder beetle is severely wounded.
The boulder beetle bites you but does no damage.
You hit the boulder beetle but do no damage.
The boulder beetle is heavily wounded.
The boulder beetle bites you!
* * * LOW HITPOINT WARNING * * *
You slash the boulder beetle!
The boulder beetle is severely wounded.
The boulder beetle bites you!
* * * LOW HITPOINT WARNING * * *
You hit the boulder beetle but do no damage.
The boulder beetle is severely wounded.
The boulder beetle bites you!
You die...

#.#.#.# #.... #...#.#
#.... #.###.# #....
### #.# #.... #.#
#)).. #.# #..). #.#
#.).. ########## #.#
#.... #...B@)..# ##.##
#....
##.#####.###.#.###....
#○# #....###.#.....
#B# #####.##.##..####
#°# #....##...##.####
#°# #.#B##..#..##....
#.# #..##..###..##..#
##.###○##..##)##..##.#
#.°.○B##oo##o..##..##.


You could see a boulder beetle.

Vanquished Creatures
  Sigmund (D:2)
  Edmund (D:6)
  Duvessa (D:7)
  2 ice beasts
  A sky beast (D:8)
  2 orc warriors
  2 black bears
  An ogre (D:6)
  A centaur (D:5)
  A kobold brigand (D:7)
  4 bullfrogs
  2 gnoll sergeants
  4 scorpions
  2 necrophages
  3 wights (D:8)
  Dowan (D:7)
  11 killer bees
  2 howler monkeys
  3 jellies
  3 orc priests
  2 hounds
  3 iguanas (D:6)
  5 orc wizards
  7 adders
  8 gnolls
  2 shadow imps (D:7)
  3 white imps
  4 ufetubi
  2 worms
  A dart slug (D:4)
  24 orcs
  5 ball pythons
  4 endoplasms
  4 giant cockroaches
  9 goblins
  7 hobgoblins
  2 jackals (D:2)
  2 quokkas
  6 bats
  2 frilled lizards (D:2)
  8 kobolds
  A rat (D:1)
159 creatures vanquished.

Notes
Turn   | Place    | Note
-------+----------+-------------------------------------------
     0 | D:1      | jimonade the Hill Orc Fighter began the quest for the Orb.
     0 | D:1      | Reached XP level 1. HP: 19/19 MP: 1/1
   118 | D:1      | Reached skill level 3 in Axes
   277 | D:1      | Reached XP level 2. HP: 25/27 MP: 2/2
   657 | D:1      | Found Doho Jua's Assorted Antiques.
  1056 | D:2      | Reached XP level 3. HP: 31/33 MP: 3/3
  1107 | D:2      | Reached skill level 4 in Axes
  1197 | D:2      | Noticed Sigmund
  1233 | D:2      | Killed Sigmund
  1234 | D:2      | Reached skill level 5 in Axes
  1234 | D:2      | Reached XP level 4. HP: 28/41 MP: 4/4
  1234 | D:2      | Reached XP level 5. HP: 33/47 MP: 5/5
  1661 | D:3      | Reached skill level 6 in Axes
  1661 | D:3      | Reached XP level 6. HP: 39/53 MP: 6/6
  2145 | D:3      | Found a shimmering blue altar of Sif Muna.
  2374 | D:4      | Reached skill level 7 in Axes
  2387 | D:4      | Found a hazy altar of Hepliaklqana.
  2503 | D:4      | Found a sacrificial altar of Ru.
  2538 | D:4      | Reached XP level 7. HP: 60/60 MP: 7/7
  3001 | D:4      | Found a glowing golden altar of the Shining One.
  3207 | D:5      | Entered Level 5 of the Dungeon
  3310 | D:5      | Reached skill level 8 in Axes
  3411 | D:5      | Reached skill level 5 in Fighting
  3556 | D:5      | Found a broken altar of Ashenzari.
  3758 | D:5      | Found a sparkling altar of Nemelex Xobeh.
  3856 | D:5      | Reached skill level 5 in Armour
  3876 | D:5      | Reached skill level 9 in Axes
  4000 | D:5      | Reached skill level 1 in Dodging
  4000 | D:5      | Reached XP level 8. HP: 55/68 MP: 8/8
  4441 | D:6      | Reached skill level 10 in Axes
  4661 | D:6      | Identified the amulet of Liberty {Faith Regen+ Str-3 Dex+4}
  4776 | D:6      | Noticed Edmund
  4795 | D:6      | Killed Edmund
  5516 | D:6      | Reached skill level 11 in Axes
  5808 | D:7      | Reached XP level 9. HP: 72/74 MP: 9/9
  5871 | D:7      | Found a shadowy altar of Dithmenos.
  5939 | D:6      | Reached skill level 5 in Shields
  5952 | D:7      | Reached skill level 12 in Axes
  6034 | D:7      | Found a staircase to the Ecumenical Temple.
  6072 | Temple   | Entered the Ecumenical Temple
  6268 | D:7      | Noticed Dowan
  6268 | D:7      | Noticed Duvessa
  6322 | D:7      | Killed Duvessa
  6325 | D:7      | Killed Dowan
  7113 | D:7      | Reached skill level 13 in Axes
  7849 | D:8      | Reached XP level 10. HP: 48/84 MP: 10/10
  7934 | D:8      | Noticed a boulder beetle
  7936 | D:8      | a jumping spider changed into a moth of wrath
  7936 | D:8      | Noticed a moth of wrath (shapeshifter)
  8047 | D:8      | Reached skill level 14 in Axes
  8047 | D:8      | Reached skill level 1 in Stealth
  8169 | D:8      | Identified the +6 halberd "Fady" {flame, rPois rF+ rN++}
  8252 | D:8      | Slain by a boulder beetle

Illustrated notes

Levels and vault maps discovered:
D:1:      minmay_arrival_nine_rooms, layout_basic, serial_shops, shop
D:2:      layout_basic, uniq_sigmund
D:3:      layout_rooms, led_sif_book
D:4:      layout_loops_ring, nicolae_tso_carved_into_rock,
          nicolae_ru_path_of_blood, lemuel_coloured_pillars_altar
D:5:      layout_rooms, nemelex_diamond_rough_becter,
          cheibrodos_ashenzari_chains, kennysheep_diamond,
          nicolae_zen_rock_garden
D:6:      layout_loops_ring, uniq_edmund
D:7:      layout_layer_cave, nicolae_dithmenos_the_darkroom,
          minmay_temple_entry_statues_pillars, uniq_duvessa
D:8:      layout_basic, serial_shops, nicolae_shop_waterfront,
          minmay_diamond_spiral
Temple:   nicolae_temple_great_sept

Skill      XL: |  1  2  3  4  5  6  7  8  9 10 |
---------------+-------------------------------+-----
Axes           | 3 5 6 7 9 11 13 14 | 14.0
Fighting       | 4 5 6 |  6.9
Armour         | 4 5 6 7 |  7.3
Dodging        | 1 |  1.2
Shields        | 4 5 |  5.6
Stealth        | 1 |  1.0

Action                     |  1- 3 |  4- 6 |  7- 9 | 10-12 || total
---------------------------+-------+-------+-------+-------++-------
  Melee: War axe           |    63 |   125 |   488 |    76 ||   752
 Armour: Scale mail        |    32 |    13 |       |       ||    45
         Plate armour      |       |    65 |    43 |    19 ||   127
         Chain mail        |       |     3 |   202 |       ||   205
  Dodge: Dodged            |    36 |    28 |   142 |    12 ||   218
  Block: Buckler           |    16 |    31 |    31 |       ||    78
         Kite shield       |       |       |   148 |    23 ||   171

Table legend: (Time is in decaauts)
 A = Elapsed time spent in this place.
 B = Non-inter-level travel time spent in this place.
 C = Inter-level travel time spent in this place.
 D = Time resting spent in this place.
 E = Time spent auto-exploring this place.
 F = Levels seen in this place.
 G = Mean time per level.
                   A        B        C        D        E       F      G
               +--------+--------+--------+--------+--------+-----+--------+
         Total |   8341 |   7888 |    453 |    408 |   5392 |   9 |  926.8 |
       Dungeon |   8218 |   7769 |    449 |    408 |   5329 |   8 | 1027.2 |
        Temple |    122 |    118 |      4 |      0 |     63 |   1 |  122.0 |
               +--------+--------+--------+--------+--------+-----+--------+

Top non-repeatable levels by time:
     D:7: 1583 daAuts
     D:6: 1286 daAuts
     D:5: 1203 daAuts
     D:4: 1096 daAuts
     D:1: 1038 daAuts
     D:8: 773 daAuts
     D:2: 631 daAuts
     D:3: 605 daAuts
  Temple: 122 daAuts
